 Dungeon Crawl Stone Soup version 0.29-a0-197-ge3fb4bd5a4 (webtiles) character file.

Game seed: 3131854186079240027

138 Hasart the Magician (level 5, 0/38 HPs)
             Began as a Djinni Conjurer on Feb 22, 2022.
             Slain by a howler monkey skeleton (2 damage)
             ... on level 4 of the Dungeon.
             The game lasted 00:05:25 (2809 turns).

Hasart the Magician (Djinni Conjurer)               Turns: 2809, Time: 00:05:25

Health: 0/38       AC:  2    Str:  6    XL:     5   Next: 45%
Gold:   69         EV: 12    Int: 21    God:
                   SH:  0    Dex: 12

rFire   + + .      SeeInvis .   l - +4 whip
rCold   x . .      Faith    .   (no shield)
rNeg    . . .      Spirit   .   a - +0 robe
rPois   ∞          Reflect  .   (no helmet)
rElec   .          Harm     .   (no cloak)
rCorr   .          Rampage  .   (no gloves)
Will    .....      NoTele   +   (boots unavailable)
Stlth   ++........              (no amulet)
HPRegen 0.12/turn               j - +4 ring of slaying
MPRegen 0.00/turn               (no ring)

@: immobile, flying, very slightly contaminated
A: sickness immunity, fire resistance 2, cold vulnerability 1, float, innate
caster, HP casting, extra vitality 1
a: no special abilities


You were on level 4 of the Dungeon.
You visited 1 branch of the dungeon, and saw 4 of its levels.

You collected 69 gold pieces.

Inventory:

Hand Weapons
 l - a +4 whip (weapon)
Armour
 a - a +0 robe (worn)
Jewellery
 j - a +4 ring of slaying (left hand)
Scrolls
 b - a scroll of teleportation {unknown}
 c - 3 scrolls of identify {unknown}
 d - 2 scrolls of silence {unknown}
 e - a scroll of fog {unknown}
 h - a scroll of brand weapon {unknown}
 k - a scroll of fear {unknown}
 n - a scroll of amnesia {unknown}
Potions
 f - a potion of brilliance {unknown}
 g - a potion of attraction {unknown}
 i - a potion of heal wounds {unknown}
 m - 2 potions of might {unknown}


   Skills:
 + Level 2.1 Fighting
 + Level 3.3 Dodging
 - Level 1.5 Stealth
 * Level 4.2 Spellcasting


You couldn't memorise any spells.
You knew the following spells:

 Your Spells              Type           Power      Damage    Failure   Level
a - Searing Ray           Conj           44%        2d6       3%          2
b - Magic Dart            Conj           88%        1d7       1%          1
c - Fulminant Prism       Conj/Hex       11%        3d9       21%         4
d - Iskenderun's Mystic   Conj/Tloc      22%        2d6       21%         4
e - Dazzling Flash        Conj/Hex       44%        N/A       6%          3
f - Animate Skeleton      Necr           44%        N/A       1%          1
g - Corpse Rot            Necr/Air       44%        N/A       3%          2
Your spell library was empty.

Dungeon Overview and Level Annotations

Branches:
Dungeon (4/15)
 Temple: D:4-7

Altars:


Innate Abilities, Weirdness & Mutations

You are immune to sickness and miasma.
You are immune to poison.
Your flesh is very heat resistant. (rF++)
You are vulnerable to cold. (rC-)
You float through the air rather than walking.
You learn spells naturally, not from books.
Your magical power is your life essence.
You have superior vitality. (+4 MHP)


Message History

Unknown command.
Unknown command.
Casting: Dazzling Flash (dangerous; 6% risk of failure)
Confirm with . or Enter, or press ? or * to list all spells.
Casting: Dazzling Flash (dangerous; 6% risk of failure)
Press: ? - help, Dir - look around, f - activate
Okay, then.
Casting: Dazzling Flash (dangerous; 6% risk of failure)
Confirm with . or Enter, or press ? or * to list all spells.
The spell is quite dangerous to miscast (21% risk of failure)!
Continue anyway?
You miscast Iskenderun's Mystic Blast.
You are very lightly contaminated with residual magic.
The air around you crackles with energy.
You are magically locked in place.
The howler monkey skeleton closely misses you.
The river rat completely misses you.
Casting: Iskenderun's Mystic Blast (quite dangerous; 21% risk of failure)
Confirm with . or Enter, or press ? or * to list all spells.
The spell is quite dangerous to miscast (21% risk of failure)!
Continue anyway?
You miscast Iskenderun's Mystic Blast.
Nothing appears to happen.
* * * LOW HITPOINT WARNING * * *
The howler monkey skeleton hits you.
* * * LOW HITPOINT WARNING * * *
The river rat bites you.
* * * LOW HITPOINT WARNING * * *
Unknown command.
Unknown command.
You hit the river rat.
The river rat is almost dead.
The howler monkey skeleton barely misses you.
The river rat bites you but does no damage.
Unknown command.
You hit the river rat.
You kill the river rat!
The howler monkey skeleton barely misses you.
Unknown command.
You hit the howler monkey skeleton.
The howler monkey skeleton is lightly damaged.
The howler monkey skeleton hits you.
You die...

##≈≈ ≈≈≈ ## #≈≈ .#
#≈. ##.# #.. ...#
#..####..#
#####..†.##..#
......Z@.....######
........#<........#
.....#......#####.#
.... ##?.)..#####.#
..# ######≈≈....# .
#≈≈≈...#
#≈#######≈#....#
≈r≈≈≈≈≈≈#≈≈≈...#
#####≈#≈#≈...#


You could see a howler monkey skeleton.

Vanquished Creatures
  Terence (D:2)
  5 adders
  2 river rats
  A worm (D:4)
  A dart slug (D:2)
  4 ball pythons
  4 endoplasms
  7 giant cockroaches
  2 goblins
  3 hobgoblins (D:2)
  A quokka (D:3)
  3 bats
  3 frilled lizards
  3 kobolds (D:3)
  7 rats
47 creatures vanquished.

Notes
Turn   | Place    | Note
-------+----------+-------------------------------------------
     0 | D:1      | Hasart the Djinni Conjurer began the quest for the Orb.
     0 | D:1      | Reached XP level 1. HP: 15/15 MP: 0/0
   126 | D:1      | You are sucked into a shaft and drop 1 floor!
   393 | D:2      | Reached XP level 2. HP: 19/22 MP: 0/0
   706 | D:2      | Noticed Terence
   711 | D:2      | Killed Terence
   712 | D:2      | Reached skill level 1 in Fighting
   712 | D:2      | Reached XP level 3. HP: 22/27 MP: 0/0
   712 | D:2      | Learned a level 1 spell: Animate Skeleton
  1091 | D:2      | Reached XP level 4. HP: 29/32 MP: 0/0
  2231 | D:4      | Reached skill level 4 in Spellcasting
  2463 | D:4      | Reached XP level 5. HP: 31/38 MP: 0/0
  2463 | D:4      | Learned a level 2 spell: Corpse Rot
  2809 | D:4      | Slain by a howler monkey skeleton

Illustrated notes

Levels and vault maps discovered:
D:1:      dpeg_arrival_water_fire, layout_basic, ebering_ecumenical_altar_mist
D:2:      layout_basic, serial_glass, glass_columns_a, glass_columns_a,
          minmay_worlds_worst_comb, uniq_terence
D:3:      layout_rooms
D:4:      cheibrodos_old_hovel, layout_basic, lightli_sewer_entry_pipes,
          lemuel_another_geyser

Skill      XL: |  1  2  3  4  5 |
---------------+----------------+-----
Fighting       | 1 2 |  2.1
Dodging        | 3 |  3.3
Spellcasting   | 4 |  4.2
Stealth        | |  1.5

Action                   |  1- 3 |  4- 6 || total
-------------------------+-------+-------++-------
Melee: Whip              |       |    13 ||    13
 Cast: Magic Dart        |    13 |       ||    13
       Searing Ray       |    10 |    21 ||    31
       Iskenderun's Myst |       |     1 ||     1
       Dazzling Flash    |       |     1 ||     1
 Stab: Sleeping          |       |     1 ||     1
Armor: Robe              |     1 |     8 ||     9
Dodge: Dodged            |     1 |    29 ||    30

Table legend: (Time is in decaauts)
 A = Elapsed time spent in this place.
 B = Non-inter-level travel time spent in this place.
 C = Inter-level travel time spent in this place.
 D = Time resting spent in this place.
 E = Time spent auto-exploring this place.
 F = Levels seen in this place.
 G = Mean time per level.
                   A        B        C        D        E       F      G
               +--------+--------+--------+--------+--------+-----+--------+
         Total |   2815 |   2771 |     44 |    506 |   1991 |   4 |  703.8 |
       Dungeon |   2815 |   2771 |     44 |    506 |   1991 |   4 |  703.8 |
               +--------+--------+--------+--------+--------+-----+--------+

Top non-repeatable levels by time:
     D:2: 1325 daAuts
     D:3: 1293 daAuts
     D:1: 126 daAuts
     D:4: 70 daAuts
